 Dungeon Crawl Stone Soup version 0.22.0-75-g3901e79 (webtiles) character file.

212 Stepladder the Ducker (level 5, -3/41 HPs)
             Began as a Merfolk Gladiator on Sept 15, 2018.
             Slain by an ogre
             ... wielding a +0 giant club
              (20 damage)
             ... on level 4 of the Dungeon.
             The game lasted 00:14:21 (3773 turns).

Stepladder the Ducker (Merfolk Gladiator)           Turns: 3773, Time: 00:14:22

Health: -3/41      AC:  9    Str: 15    XL:     5   Next: 89%
Magic:  5/5        EV: 13    Int:  8    God:
Gold:   177        SH:  0    Dex: 15    Spells: 4/4 levels left

rFire    x . .     SeeInvis .   a - +0 long sword
rCold    + . .     Gourm    .   (no shield)
rNeg     . . .     Faith    .   n - +0 ring mail
rPois    .         Spirit   .   c - +1 helmet
rElec    .         Reflect  .   k - +0 cloak {MR+}
rCorr    .         Harm     .   (no gloves)
MR       +....                  x - +0 pair of boots
Stlth    ++........             (no amulet)
HPRegen  0.13/turn              h - ring of ice
MPRegen  0.09/turn              (no ring)

@: no status effects
A: change form in water, swift swim, stealthy swim
a: no special abilities


You were on level 4 of the Dungeon.
You were hungry.

You visited 1 branch of the dungeon, and saw 4 of its levels.

You collected 177 gold pieces.

Inventory:

Hand Weapons
 a - a +0 long sword (weapon)
 o - a +0 hunting sling of velocity
 s - a +4 war axe of flaming
Missiles
 d - 3 throwing nets (quivered)
 r - 7 poisoned needles
Armour
 b - a +0 leather armour
 c - a +1 helmet (worn)
 k - a +0 cloak of magic resistance (worn)
 n - a +0 ring mail (worn)
 p - a +2 large shield
 x - a +0 pair of boots (worn)
Jewellery
 h - a ring of ice (left hand)
 w - a cursed ring of teleportation {unknown}
Scrolls
 g - 2 scrolls of remove curse {unknown}
 q - a scroll of blinking {unknown}
 t - a scroll of fear {unknown}
 v - a scroll of teleportation {unknown}
 y - a scroll of magic mapping {unknown}
Potions
 e - a potion of lignification {unknown}
 i - 2 potions of brilliance
 j - 2 potions of curing {unknown}
 l - 2 potions of heal wounds {unknown}
 m - 2 potions of haste
 u - a potion of invisibility {unknown}
 z - a potion of flight {unknown}
Comestibles
 f - 6 rations


   Skills:
 + Level 3.5 Fighting
 + Level 4.5 Long Blades
 - Level 2.3 Throwing
 + Level 5.4 Dodging
 + Level 2.8 Stealth


You had 4 spell levels left.
You didn't know any spells.
Your spell library was empty.

Dungeon Overview and Level Annotations

Branches:
Dungeon (4/15)
 Temple: D:4-7

Altars:
Ashenzari
Kikubaaqudgha
Nemelex Xobeh
Vehumet
Wu Jian
Zin

Annotations:
D:4 Menkaure


Message History

You hit the ogre but do no damage.
The ogre is lightly wounded.
The ogre barely misses you.
You barely miss the ogre.
The ogre is lightly wounded.
You slash the ogre!
The ogre is moderately wounded.
The ogre hits you with a giant club!
Sorry, you're not good enough to have a special ability.
Okay, then.
You hit the ogre but do no damage.
The ogre is moderately wounded.
The ogre closely misses you.
You barely miss the ogre.
The ogre is moderately wounded.
The ogre hits you with a giant club!
You hit the ogre.
The ogre is heavily wounded.
The ogre hits you with a giant club!!
You die...

###.####.#
.........# ##
###.###..###.#
.###.....# ##.
#.....## ...
##...## ..#
##.#.## ### #.#
#.#..# ##..##.#
#@#.#.# #......##
##O#.###..
#.†..###........#
##...##.....#####
##...........#
#.#............
#.+..####.####.
..#..# ...
..###.# ....#


You could see an ogre.

Vanquished Creatures
  A hound (D:3)
  3 adders (D:3)
  A gnoll (D:1)
  2 oozes
  An adder skeleton (D:4)
  3 worms (D:2)
  2 dart slugs
  3 leopard geckos
  5 orcs
  14 bats
  A bat zombie (D:2)
  4 giant cockroaches
  11 goblins
  8 hobgoblins
  18 jackals
  2 quokkas
  2 ball pythons (D:1)
  3 frilled lizards
  7 kobolds
  13 rats
  2 rat zombies (D:2)
106 creatures vanquished.

Notes
Turn   | Place    | Note
-------+----------+-------------------------------------------
     0 | D:1      | Stepladder the Merfolk Gladiator began the quest for the
                  | Orb.
     0 | D:1      | Reached XP level 1. HP: 16/16 MP: 1/1
    30 | D:1      | Reached XP level 2. HP: 15/22 MP: 2/2
   236 | D:1      | Reached XP level 3. HP: 28/28 MP: 3/3
   507 | D:1      | Reached skill level 1 in Stealth
  1019 | D:2      | Found a shattered altar of Ashenzari.
  1179 | D:2      | Reached XP level 4. HP: 34/34 MP: 4/4
  1280 | D:2      | Found a radiant altar of Vehumet.
  1293 | D:2      | Found an ornate altar of the Wu Jian Council.
  1323 | D:2      | Found a sparkling altar of Nemelex Xobeh.
  1368 | D:2      | Found a glowing silver altar of Zin.
  1921 | D:2      | Found an ancient bone altar of Kikubaaqudgha.
  2236 | D:3      | Reached skill level 5 in Dodging
  2236 | D:3      | Reached XP level 5. HP: 26/41 MP: 5/5
  2374 | D:3      | Found a faded altar of an unknown god.
  3542 | D:4      | Noticed Menkaure
  3755 | D:4      | Noticed an ogre
  3773 | D:4      | Slain by an ogre

Skill      XL: |  1  2  3  4 |
---------------+-------------+-----
Stealth        | 1 2 |  2.8
Long Blades    | 4 |  4.5
Fighting       | 3 |  3.5
Dodging        | 5 |  5.4
Throwing       | |  2.3

Action                   |  1- 3 |  4- 6 || total
-------------------------+-------+-------++-------
Melee: Long sword        |    93 |   236 ||   329
  Use: Scroll            |       |     5 ||     5
 Stab: Sleeping          |     3 |     3 ||     6
  Eat: Chunk             |       |     9 ||     9
Armor: Leather armour    |    21 |       ||    21
       Ring mail         |    16 |    98 ||   114
Dodge: Dodged            |    84 |   168 ||   252
       Rpst.: Long sword |    29 |    48 ||    77
